 Dungeon Crawl Stone Soup version 0.18-a0-1774-gce1f7b6 (webtiles) character file.

3738 dobroeutro the Protected (level 10, -1/58 HPs)
             Began as a Gargoyle Fighter on Apr 15, 2016.
             Slain by Pikel
             ... wielding a +2 whip of flaming
              (2 damage)
             ... on level 8 of the Dungeon.
             The game lasted 00:15:05 (7316 turns).

dobroeutro the Protected (Gargoyle Fighter)         Turns: 7316, Time: 00:15:06

Health: -1/58      AC: 23    Str: 27    XL:     10   Next: 15%
Magic:  10/10      EV:  9    Int: 12    God:
Gold:   320        SH: 13    Dex: 12    Spells: 0 memorised, 9 levels left

rFire  . . .     SeeInvis +     E - +2 flail (holy)
rCold  . . .     Gourm    .     B - +7 ring mail "Jassoh Axiy" {rElec}
rNeg   + . .     Faith    .     c - +1 shield
rPois  ∞         Spirit   .     (no helmet)
rElec  +         Dismiss  .     n - +0 cloak
rCorr  .         Reflect  .     q - +0 pair of gloves
SustAt .         Harm     .     (no boots)
MR     .....                    (no amulet)
Stlth  ..........               y - ring of see invisible
                                z - +3 ring of dexterity

@: mighty, not resistant to hostile enchantments, extremely unstealthy
A: hooves 1, blurry vision 1, clever 1, frail 1, negative energy resistance 1,
electricity resistance, unbreathing, petrification resistance, rot immunity, AC
+7
a: no special abilities


You were on level 8 of the Dungeon.
You were not hungry.

You visited 2 branches of the dungeon, and saw 9 of its levels.
You also visited: Sewer.

You collected 320 gold pieces.

Inventory:

Hand Weapons
 a - a +2 flail
 E - a +2 flail of holy wrath (weapon)
Armour
 c - a +1 shield (worn)
 n - a +0 cloak (worn)
 q - a +0 pair of gloves (worn)
 B - the +7 ring mail "Jassoh Axiy" (worn) {rElec}
   (You found it on level 5 of the Dungeon)

   It insulates you from electricity.
Jewellery
 s - an uncursed ring of magical power
 v - an uncursed ring of protection from fire
 y - a ring of see invisible (right hand)
 z - a +3 ring of dexterity (left hand)
Scrolls
 e - 3 scrolls of magic mapping
 j - 2 scrolls of recharging {unknown}
 k - 6 scrolls of amnesia
 o - 5 scrolls of teleportation {unknown}
 t - 5 scrolls of remove curse
 x - a scroll of random uselessness {unknown}
Potions
 b - a potion of berserk rage
 d - 2 potions of might
 g - 2 potions of magic
 i - 2 potions of flight
 l - 2 potions of lignification
 m - 3 potions of agility
 w - a potion of degeneration
 A - a potion of invisibility {unknown}
Comestibles
 f - 4 bread rations
 r - 2 fruits
 D - a meat ration


   Skills:
 + Level 8.4 Fighting
 + Level 7.3 Maces & Flails
 + Level 8.6 Armour
 + Level 8.6 Shields


You had 9 spell levels left.
You didn't know any spells.

Dungeon Overview and Level Annotations

Branches:
Dungeon (8/15)             Temple (1/1) D:4
   Lair: D:8-11

Altars:
Ashenzari
Cheibriados
Elyvilon
Fedhas
Gozag
Kikubaaqudgha
Makhleb
Qazlal
Ru
Sif Muna
Trog
Vehumet
Yredelemnul
Zin
The Shining One

Annotations:
D:6 exclusion: oklob plant
D:8 Joseph, Pikel, Prince Ribbit


Innate Abilities, Weirdness & Mutations

You are resistant to torment.
Your stone body is resilient (AC +7).
You are immune to poison.
You resist negative energy.
You are resistant to electric shocks.
You can survive without breathing.
You are immune to petrification.
You are immune to rotting.
You have large cloven feet.
Scrolls take you a little longer to read.
Your mind is acute. (Int +2)
You are frail (-10% HP).


Message History

The two-headed ogre hits you with a giant club!
* * * LOW HITPOINT WARNING * * *
The slave hits you but does no damage. x2
You sock the two-headed ogre! You kick the two-headed ogre.
You kill the two-headed ogre!
You block the slave's attack. Pikel hits you with a whip of flaming.
* * * LOW HITPOINT WARNING * * *
Pikel burns you.
* * * LOW HITPOINT WARNING * * *
You block the slave's attack.
You bludgeon Pikel!! Your kick misses Pikel.
Pikel is heavily wounded.
You block the slave's attack.
Pikel zaps a wand.
You struggle to resist.
You block the slave's attack.
You hit Pikel. You kick Pikel!
Pikel is severely wounded.
You block the slave's attack. Pikel hits you with a whip of flaming.
* * * LOW HITPOINT WARNING * * *
Pikel burns you.
You die...

.#################
.......#.K........
#
#.#####.p@#..#####
#.#.......p###.#
#.#######...#..#
#.O..####.#K..##
#....†..#####
#..###### #..#
#..# #).#


You could see Pikel and 2 slaves.

Vanquished Creatures
  A two-headed ogre (D:8)
  6 yaks (D:8)
  A hungry ghost (D:7)
  A sky beast (D:7)
  2 slaves (D:8)
  An orc warrior (D:6)
  4 ogres
  7 big kobolds (Sewer)
  2 giant frogs (D:6)
  A scorpion (D:6)
  8 wights
  A howler monkey (D:6)
  4 crimson imps
  2 giant frog zombies (D:5)
  2 hounds
  2 jellies
  5 orc wizards
  A giant frog skeleton (D:6)
  3 orc priests
  4 worker ants
  4 gnolls (D:6)
  14 adders
  3 shadow imps
  7 oozes
  2 dart slugs
  4 worms
  4 giant geckos
  16 orcs
  6 ball pythons
  7 giant cockroaches
  8 hobgoblins
  2 jackals (D:7)
  7 kobolds
  3 quokkas
  8 bats
  A giant gecko skeleton (D:6)
  3 giant newts
  8 goblins
  15 rats
180 creatures vanquished.

Vanquished Creatures (others)
  2 fungi (D:6)
2 creatures vanquished.

Grand Total: 182 creatures vanquished

Notes
Turn   | Place    | Note
--------------------------------------------------------------
     0 | D:1      | dobroeutro the Gargoyle Fighter began the quest for the Orb.
     0 | D:1      | Reached XP level 1. HP: 14/14 MP: 1/1
   104 | D:1      | Reached XP level 2. HP: 15/19 MP: 2/2
   507 | D:1      | Reached XP level 3. HP: 23/23 MP: 3/3
   977 | D:2      | Reached XP level 4. HP: 8/29 MP: 4/4
  1537 | D:3      | Reached XP level 5. HP: 20/33 MP: 5/5
  1538 | D:3      | Found a glowing drain.
  1558 | Sewer    | Entered a sewer
  1684 | Sewer    | Noticed a big kobold
  1740 | Sewer    | Killed a big kobold
  1796 | Sewer    | Noticed a big kobold
  1870 | Sewer    | Killed a big kobold
  1870 | Sewer    | Reached XP level 6. HP: 15/39 MP: 6/6
  1966 | Sewer    | Reached skill level 5 in Armour
  1966 | Sewer    | Reached skill level 5 in Shields
  2058 | Sewer    | Reached XP level 7. HP: 14/44 MP: 7/7
  2146 | Sewer    | Reached skill level 5 in Fighting
  3512 | D:4      | Reached XP level 8. HP: 40/51 MP: 8/8
  3536 | D:4      | Found a snail-covered altar of Cheibriados.
  3693 | D:4      | Found a staircase to the Ecumenical Temple.
  3722 | Temple   | Entered the Ecumenical Temple
  4315 | D:5      | Entered Level 5 of the Dungeon
  4441 | D:5      | Reached skill level 5 in Maces & Flails
  4592 | D:5      | Got a fine ring mail
  4612 | D:5      | Identified the +7 ring mail "Jassoh Axiy" {rElec} (You found it on level 5 of the Dungeon)
  4825 | D:5      | Found a sacrificial altar of Ru.
  5148 | D:6      | Found a blossoming altar of Fedhas.
  5169 | D:6      | Noticed an oklob plant
  5446 | D:6      | Reached XP level 9. HP: 55/56 MP: 9/9
  5816 | D:6      | Found a white marble altar of Elyvilon.
  6352 | D:7      | Found an ancient bone altar of Kikubaaqudgha.
  6513 | D:7      | Gained mutation: Scrolls take you a little longer to read. [mutagenic meat]
  6514 | D:7      | Gained mutation: Your mind is acute. (Int +2) [mutagenic meat]
  6515 | D:7      | Gained mutation: You have large cloven feet. [mutagenic meat]
  6516 | D:7      | Gained mutation: You are frail (-10% HP). [mutagenic meat]
  6634 | D:8      | Noticed Joseph
  6671 | D:8      | Noticed Prince Ribbit
  7109 | D:8      | Reached XP level 10. HP: 35/57 MP: 10/10
  7295 | D:8      | Noticed Pikel
  7316 | D:8      | HP: 1/58 [Pikel/whip of flaming (4)]
  7316 | D:8      | Slain by Pikel

Vault maps used:
D:1:      tarquinn_simple_flora_water_e, minmay_misc_feat_four_crosses,
          st_stairs_4
D:3:      gup_sewer_entry_bubbles, first_bread
D:4:      marbit_many_paths, minmay_temple_entry_butterflies
D:5:      hangedman_ru_absence
D:6:      kennysheep_mini_moat, tgw_fedhas
D:7:      old_standard_altar
D:8:      lemuel_ice_statue, uniq_joseph, uniq_erolcha, uniq_prince_ribbit1,
          uniq_psyche, uniq_pikel
Temple:   chambers_temple_12
Sewer:    sewer_co_tree

Skill      XL: |  1  2  3  4  5  6  7  8  9 |
---------------+----------------------------+-----
Armour         | 4 5 7 8 |  8.6
Shields        | 4 5 6 8 |  8.6
Fighting       | 4 5 6 8 |  8.4
Maces & Flails | 3 4 5 7 |  7.3

Action                   |  1- 3 |  4- 6 |  7- 9 | 10-12 || total
-------------------------+-------+-------+-------+-------++-------
Melee: Flail             |   172 |   360 |   667 |    21 ||  1220
       Kick              |       |       |    42 |    11 ||    53
  Use: Scroll            |       |     4 |     9 |       ||    13
       Potion            |       |       |       |     3 ||     3
  Eat: Chunk             |     1 |     3 |    20 |     2 ||    26
       Fruit             |       |       |     2 |       ||     2
       Pizza             |       |       |     2 |       ||     2
       Beef jerky        |       |       |     1 |       ||     1
Armor: Scale mail        |   142 |   205 |   137 |       ||   484
       Ring mail         |       |       |   180 |    11 ||   191
Dodge: Dodged            |    82 |    82 |   160 |     4 ||   328
Block: Shield            |   134 |   187 |   373 |    15 ||   709
